 Dungeon Crawl Stone Soup version 0.25.1-2-g60ff931df9 (webtiles) character file.

Game seed: 8619204948362798476

48 DildoBatman the Magician (level 4, -2/30 HPs)
             Began as a Formicid Wizard on Sept 3, 2020.
             Slain by a hobgoblin (5 damage)
             ... on level 2 of the Dungeon.
             The game lasted 00:02:09 (932 turns).

DildoBatman the Magician (Formicid Wizard)           Turns: 932, Time: 00:02:10

Health: -2/30      AC:  3    Str: 12    XL:     4   Next: 0%
Magic:  8/8        EV: 12    Int: 18    God:
Gold:   41         SH:  0    Dex:  9    Spells: 8/9 levels left

rFire    . . .     SeeInvis +   a - +2 spear (venom)
rCold    . . .     Gourm    .   (no shield)
rNeg     . . .     Faith    .   g - +0 robe
rPois    .         Spirit   .   (helmet unavailable)
rElec    .         Reflect  .   (no cloak)
rCorr    .         Harm     .   b - +0 pair of gloves
MR       .....                  (no boots)
Stlth    ++........             (no amulet)
HPRegen  0.10/turn              c - ring of teleportation (curse)
MPRegen  0.11/turn              (no ring)

@: no status effects
A: permanent stasis, dig shafts and tunnels, four strong arms, antennae 3
a: Dig, Shaft Self


You were on level 2 of the Dungeon.
You were not hungry.

You visited 1 branch of the dungeon, and saw 2 of its levels.

You collected 41 gold pieces.

Inventory:

Hand Weapons
 a - a +2 spear of venom (weapon)
Missiles
 h - 145 stones (quivered)
 k - 32 bolts
 n - 17 arrows
Armour
 b - a +0 pair of gloves (worn)
 g - a +0 robe (worn)
Jewellery
 c - a cursed ring of teleportation (left hand)
Scrolls
 d - a scroll of identify {unknown}
 i - 3 scrolls of remove curse {unknown}
 j - 2 scrolls of fog {unknown}
Potions
 e - a potion of magic {unknown}
 l - 3 potions of cancellation {unknown}
 m - a potion of invisibility {unknown}
 o - a potion of flight {unknown}
Comestibles
 f - 3 chunks of flesh
 v - 2 rations


   Skills:
 - Level 1.7 Dodging
 - Level 2.4 Stealth
 - Level 3.2 Spellcasting
 * Level 3.1 Conjurations
   Level 1.0 Summonings
   Level 0.8 Translocations


You had 8 spell levels left.
You knew the following spells:

 Your Spells              Type           Power        Failure   Level  Hunger
c - Magic Dart            Conj           ##..         4%          1    None

Your spell library contained the following spells:

 Spells                   Type           Power        Failure   Level  Hunger
 Call Imp                 Summ           #.......     16%         2    ##.....
 Slow                     Hex            #.......     24%         2    ##.....
 Conjure Flame            Conj/Fire      #.......     26%         3    ###....
 Mephitic Cloud           Conj/Pois/Air  #.......     30%         3    ###....
 Blink                    Tloc           Unusable     N/A         2    N/A

Dungeon Overview and Level Annotations

Branches:
Dungeon (2/15)

Altars:


Innate Abilities, Weirdness & Mutations

You cannot be hasted, slowed, berserked, paralysed or teleported.
You can dig through walls and to a lower floor.
Your four strong arms can wield two-handed weapons with a shield.
You have a pair of large antennae on your head. (SInv)


Message History

Anything else - Cancel.
You shout for attention!
The hobgoblin hits you. What are your orders? t - Shout!
Orders for allies: a - Attack new target. r - Retreat! s - Stop attacking. g - Guard the area. f - Follow me.
Anything else - Cancel.
You shout for attention!
The hobgoblin hits you but does no damage.
What are your orders? t - Shout!
Orders for allies: a - Attack new target. r - Retreat! s - Stop attacking. g - Guard the area. f - Follow me.
Anything else - Cancel.
You shout for attention!
The hobgoblin hits you.
You die...

#...........#..##
#.##.#####..#..# #.##.#
#..#..####.. #.##.#
#........... #.##.#
##.#..###### #.##.# #.....#
#.##.# #.....# #.##.##
#..g..#
#.#...#####...@.########
#.......................
###...#######.#......)..
##.## #.#.#######. #.# #.#.#
#.# #.#.# # #.# #.#.# #
#.########.#.###############
#..>........................


You could see a hobgoblin.

Vanquished Creatures
  A gnoll (D:1)
  4 dart slugs (D:1)
  3 bats (D:1)
  2 giant cockroaches (D:1)
  6 goblins
  3 hobgoblins
  6 kobolds
  A ball python (D:1)
  A frilled lizard (D:1)
  5 rats (D:1)
32 creatures vanquished.

Notes
Turn   | Place    | Note
-------+----------+-------------------------------------------
     0 | D:1      | DildoBatman the Formicid Wizard began the quest for the
                  | Orb.
     0 | D:1      | Reached XP level 1. HP: 13/13 MP: 4/4
    41 | D:1      | Reached skill level 1 in Conjurations
   144 | D:1      | Reached XP level 2. HP: 17/19 MP: 6/6
   329 | D:1      | Reached XP level 3. HP: 9/24 MP: 7/7
   864 | D:2      | Reached XP level 4. HP: 30/30 MP: 6/8
   932 | D:2      | Slain by a hobgoblin

Illustrated notes

Levels and vault maps discovered:
D:1:      dpeg_arrival_stonehenge_8_columns, layout_loops_cross
D:2:      layout_loops_ring

Skill      XL: |  1  2  3 |
---------------+----------+-----
Conjurations   | 1 2 3 |  3.1
Dodging        | |  1.7
Stealth        | |  2.4
Spellcasting   | |  3.2
Summonings     | |  1.0
Translocations | |  0.8

Action                   |  1- 3 |  4- 6 || total
-------------------------+-------+-------++-------
Melee: Spear             |    46 |       ||    46
 Cast: Magic Dart        |    23 |     1 ||    24
 Stab: Sleeping          |     5 |       ||     5
Armor: Robe              |     4 |     7 ||    11
Dodge: Dodged            |    11 |    41 ||    52
